 Dungeon Crawl Stone Soup version 0.20.1-1-g8b1a95d66d (webtiles) character file.

122 Jynx the Sneak (level 4, -1/30 HPs)
             Began as a Vampire Enchanter on Dec 20, 2017.
             Killed by divine providence
             ... invoked by an orc priest
              (9 damage)
             ... on level 3 of the Dungeon.
             The game lasted 00:06:03 (4471 turns).

Jynx the Sneak (Vampire Enchanter)                  Turns: 4471, Time: 00:06:03

Health: -1/30      AC:  0    Str:  7    XL:     4   Next: 78%
Magic:  7/7        EV: 20    Int: 17    God:
Gold:   106        SH:  0    Dex: 20    Spells: 1/7 levels left

rFire    . . .     SeeInvis +   (weapon currently unavailable)
rCold    + . .     Gourm    .   (shield currently unavailable)
rNeg     + + .     Faith    .   (armour currently unavailable)
rPois    +         Spirit   .   (helmet currently unavailable)
rElec    .         Reflect  .   (cloak currently unavailable)
rCorr    .         Harm     .   (gloves currently unavailable)
MR       .....                  (boots currently unavailable)
Stlth    +++++.....             (no amulet)
Regen    0.1/turn               (ring currently unavailable)
MPRegen  0.1/turn               (ring currently unavailable)

@: bat-form, flying, regenerating slowly, very quick
A: fangs 3, see invisible
a: End Transformation


You were on level 3 of the Dungeon.
You were very thirsty.
You were in vampire-bat-form.
You visited 1 branch of the dungeon, and saw 3 of its levels.

You collected 106 gold pieces.

Inventory:

Hand Weapons
 a - a +1 dagger (melded)
Armour
 b - a +0 robe (melded)
 i - a cursed +0 helmet (melded)
Jewellery
 h - an uncursed ring of fire {unknown}
Scrolls
 d - 2 scrolls of enchant weapon {unknown}
 e - 2 scrolls of teleportation
 f - a scroll of enchant armour {unknown}
 j - 2 scrolls of amnesia {unknown}
 l - a scroll of identify {unknown}
Potions
 g - 2 potions of cancellation
 k - a potion of mutation {unknown}
 m - a potion of berserk rage {unknown}
 n - a potion of ambrosia {unknown}
Books
 c - a book of Maledictions

   Spells                             Type                      Level
   a - Corona                         Hexes                        1
   b - Ensorcelled Hibernation        Hexes/Ice                    2
   c - Confuse                        Hexes                        3
   d - Tukima's Dance                 Hexes                        3
   e - Dazzling Spray                 Conjuration/Hexes            3


   Skills:
 * Level 4.0 Short Blades
 - Level 2.1 Dodging
 + Level 5.5 Stealth
 - Level 2.0 Spellcasting
 + Level 5.3 Hexes


You had one spell level left.
You knew the following spells:

 Your Spells              Type           Power        Failure   Level  Hunger
a - Corona                Hex            ###....      2%          1    #......
b - Ensorcelled Hibernat  Hex/Ice        ##....       10%         2    ###....
c - Confuse               Hex            ###.....     7%          3    ###....


Dungeon Overview and Level Annotations

Branches:
Dungeon (3/15)

Altars:
Ashenzari
Dithmenos
Qazlal
Ru
Trog
Zin


Innate Abilities, Weirdness & Mutations

You heal slowly.
You have razor-sharp teeth.
You have supernaturally acute eyesight. (SInv)
((You can survive without breathing.))


Message History

You start resting.
Magic restored.
You start resting.
You start resting.
Things that are here:
an uncursed blowgun; 9 poisoned needles You see here a club.
You see here a club.
You are feeling very thirsty.
The kobold shouts!
The orc shouts!
The kobold barely misses you.
The orc shouts!
The kobold shouts!
You hear a shout! x2
The orc closely misses you. The kobold barely misses you.
The orc completely misses you.
The kobold throws a stone.
The stone misses you.
You see here a stone.
The orc priest mumbles some strange prayers to Beogh against you.
Beogh smites you!
You die...

.#)........####.# #..........#.#
.#...(.....# #.# #..........#.#
.##.###########.# #..........#.#
.##.#######.....####..........#.#
.........K.........#####......'.#
...............o.###...##.....###
....o........K...##.....##....'>.
###.#######.####(#.......#....#.#
###.# #.....b#.#._.#.#....#.#
≈##K# #.%.o....##.##..##'##.#
≈##o# #.........###...##.##.#
≈##.# #...K..).......###.##.#
#.).#######.............####'##.#
#.....................####....#.#
#...########.........##.......#..
##### #.........#######.#### #
#.........# ...#+#...


You could see an orc priest, an orc and a kobold (wandering).

Vanquished Creatures
  6 adders
  3 leopard geckos
  3 orcs (D:3)
  3 bats
  A giant cockroach (D:2)
  8 goblins
  10 hobgoblins
  4 jackals (D:1)
  12 kobolds
  3 frilled lizards (D:1)
  4 rats
57 creatures vanquished.

Notes
Turn   | Place    | Note
-------+----------+-------------------------------------------
     0 | D:1      | Jynx the Vampire Enchanter began the quest for the Orb.
     0 | D:1      | Reached XP level 1. HP: 13/13 MP: 3/3
   331 | D:1      | Reached XP level 2. HP: 13/19 MP: 5/5
   758 | D:1      | Learned a level 2 spell: Ensorcelled Hibernation
   949 | D:1      | Reached XP level 3. HP: 19/24 MP: 6/6
  1624 | D:2      | Reached skill level 5 in Stealth
  1768 | D:2      | Learned a level 3 spell: Confuse
  1782 | D:2      | Found a glowing silver altar of Zin.
  1782 | D:2      | Found a bloodstained altar of Trog.
  1783 | D:2      | Found a sacrificial altar of Ru.
  1803 | D:2      | Reached skill level 5 in Hexes
  1971 | D:2      | Reached XP level 4. HP: 20/30 MP: 3/7
  2721 | D:3      | HP: 2/45 [poisoned by an adder]
  3083 | D:3      | Found a shattered altar of Ashenzari.
  3218 | D:3      | Found a shadowy altar of Dithmenos.
  3749 | D:3      | Found a stormy altar of Qazlal.
  4218 | D:3      | Noticed a big kobold
  4471 | D:3      | Killed from afar by an orc priest

Skill      XL: |  1  2  3  4 |
---------------+-------------+-----
Short Blades   | 2 3 4 |  4.0
Stealth        | 5 |  5.5
Hexes          | 5 |  5.3
Dodging        | |  2.1
Spellcasting   | |  2.0

Action                   |  1- 3 |  4- 6 || total
-------------------------+-------+-------++-------
Melee: Dagger            |   156 |   123 ||   279
       Bite              |     7 |    10 ||    17
 Cast: Corona            |     9 |     6 ||    15
       Confuse           |     1 |     7 ||     8
 Abil: Bat Form          |       |     1 ||     1
  Use: Scroll            |     2 |       ||     2
       Potion            |       |     2 ||     2
 Stab: Sleeping          |     7 |     2 ||     9
       Distracted        |     1 |     1 ||     2
       Confused          |     1 |     1 ||     2
  Eat: Corpse            |     7 |     4 ||    11
Armor: Robe              |    26 |    12 ||    38
Dodge: Dodged            |    89 |    76 ||   165
